 Dungeon Crawl Stone Soup version 0.29-a0-194-g6e3aafee17 (webtiles) character file.

Game seed: 16649371195283425771

2225 bladeefan the Basher (level 9, -3/71 HPs)
             Began as a Demonspawn Chaos Knight on Feb 22, 2022.
             Was a Plaything of Xom.
             Slain by a kobold brigand
             ... wielding a +0 dagger of electrocution
              (10 damage)
             ... on level 8 of the Dungeon.
             The game lasted 00:13:29 (7739 turns).

bladeefan the Basher (Demonspawn Chaos Knight)      Turns: 7739, Time: 00:13:29

Health: -3/71      AC:  0    Str: 18    XL:     9   Next: 13%
Magic:  9/9        EV: 18    Int: 17    God:    Xom [...*..]
Gold:   728        SH:  4    Dex: 19    Spells: 8/8 levels left

rFire   . . .      SeeInvis .   (weapon currently unavailable)
rCold   . . .      Faith    .   (shield currently unavailable)
rNeg    . . .      Spirit   .   (body armour currently unavailable)
rPois   .          Reflect  .   (helmet currently unavailable)
rElec   .          Harm     .   (cloak currently unavailable)
rCorr   .          Rampage  .   (gloves currently unavailable)
Will    .....                   (boots currently unavailable)
Stlth   ++........              C - amulet of the acrobat
HPRegen 0.21/turn               (ring currently unavailable)
MPRegen 0.11/turn               (ring currently unavailable)

@: bat-form, flying, very quick
A: fast, flying, no casting, tiny, (horns 2), (molten scales 2), condensation
shield, (claws 1), (hooves 1), agile 1, clever 2, evolution 1
a: Renounce Religion


You were on level 8 of the Dungeon.
You worshipped Xom.
You were a favourite toy of Xom.
You were a bat.
You visited 1 branch of the dungeon, and saw 8 of its levels.

You collected 728 gold pieces.

Inventory:

Hand Weapons
 G - a +2 flail of protection (melded)
   (You took it off Edmund on level 5 of the Dungeon)
Armour
 a - a scarf of shadows (melded)
   (You found it on level 5 of the Dungeon)
 g - a +2 scale mail of poison resistance
   (You took it off an orc on level 3 of the Dungeon)
 m - a +0 pair of boots (melded)
   (You found it on level 2 of the Dungeon)
 E - a +0 leather armour
   (You took it off an orc on level 8 of the Dungeon)
 K - a +0 robe
   (You took it off an orc wizard on level 8 of the Dungeon)
 L - a +0 chain mail
   (You took it off an orc on level 8 of the Dungeon)
 M - a +0 plate armour (melded)
   (You took it off an orc warrior on level 8 of the Dungeon)
Jewellery
 x - a ring of flight (melded)
   (You found it on level 5 of the Dungeon)
 y - the ring "Dauhur" {rF- rC+ EV+4 Dex+2}
   (Xom gifted it to you on level 5 of the Dungeon)

   [ring of evasion]

   EV:        It affects your evasion (+4).
   Dex:       It affects your dexterity (+2).
   rF:        It makes you vulnerable to fire.
   rC:        It protects you from cold.
 B - a +6 ring of intelligence (melded)
   (You found it on level 4 of the Dungeon)
 C - an amulet of the acrobat (around neck)
   (You found it on level 3 of the Dungeon)
 H - an amulet of guardian spirit
   (You took it off an orc on level 6 of the Dungeon)
Wands
 t - a wand of flame (6)
   (You took it off Ijyb on level 4 of the Dungeon)
 u - a wand of paralysis (7)
   (You found it on level 8 of the Dungeon)
 v - a wand of digging (23)
   (You took it off an orc on level 5 of the Dungeon)
 z - a wand of charming (5)
   (Xom gifted it to you on level 5 of the Dungeon)
 F - a wand of polymorph (4)
   (You took it off Edmund on level 5 of the Dungeon)
Scrolls
 d - 2 scrolls of blinking
 e - a scroll of amnesia
 i - a scroll of summoning
 j - a scroll of torment {!r}
 k - 2 scrolls of fear
 o - a scroll of teleportation {@r4}
 p - a scroll of noise {!r}
 A - a scroll of vulnerability {!r}
 D - a scroll of fog {unknown}
 I - a scroll of magic mapping {unknown}
Potions
 b - 2 potions of degeneration {unknown}
 c - a potion of attraction {unknown}
 f - 3 potions of haste {unknown}
 h - 7 potions of curing {@q1}
 l - 2 potions of lignification {unknown}
 n - 5 potions of heal wounds {unknown}
 q - 2 potions of berserk rage {unknown}
 r - a potion of invisibility {unknown}
 s - a potion of magic {unknown}
 w - a potion of cancellation {unknown}
 J - a potion of resistance {unknown}


   Skills:
 + Level 6.7 Fighting
 * Level 8.4 Maces & Flails
 + Level 5.7 Armour
 - Level 0.8 Dodging


You had 8 spell levels left.
You didn't know any spells.
Your spell library was empty.

Dungeon Overview and Level Annotations

Branches:
Dungeon (8/15)             Temple (0/1) D:7
   Lair: D:8-11

Altars:
Cheibriados
Elyvilon
Fedhas
Uskayaw
Wu Jian
Xom

Shops:
D:4 (   D:8 *


Innate Abilities, Weirdness & Mutations

You are a bat.
You are tiny and dextrous.
You move quickly.
You are flying.
Your equipment is almost entirely melded.
You are incapable of wielding weapons or throwing items.
You cannot cast spells.
((You have a pair of horns on your head.))
((You are mostly covered in molten scales. (AC +3)))
A meltable shield of frost defends you. (SH +4)
((You have sharp fingernails.))
((You have large cloven feet.))
You are agile. (Dex +2)
Your mind is very acute. (Int +4)
You have hidden genetic potential.


Message History

The kobold brigand zaps a wand.
You easily resist.
You closely miss the kobold brigand. You headbutt the kobold brigand.
You feel sick.
The kobold brigand hits you but does no damage.
You are electrocuted!
* * * LOW HITPOINT WARNING * * *
You barely miss the kobold brigand.
You feel sick.
You are no longer poisoned.
The kobold brigand zaps a wand.
You easily resist.
You closely miss the kobold brigand.
The kobold brigand hits you with a +0 dagger of electrocution.
* * * LOW HITPOINT WARNING * * *
You hit the kobold brigand.
Your weapon exudes an aura of protection.
The kobold brigand zaps a wand.
You turn into a bat.
Your +2 flail of protection melds into your body.
Your scarf of shadows melds into your body.
Your +0 pair of boots melds into your body.
Your +0 plate armour melds into your body.
Your +6 ring of intelligence melds into your body.
Your ring of flight melds into your body.
Your +2 flail of protection goes still.
The dungeon's light returns to normal.
You feel stupid.
You float gracefully downwards.
You hit the kobold brigand but do no damage.
The kobold brigand barely misses you.
Unknown command.
You hit the kobold brigand. You block the kobold brigand's attack.
Unknown command.
You hit the kobold brigand. The kobold brigand barely misses you.
You hit the kobold brigand.
Unknown command.
Unknown command.
You hit the kobold brigand but do no damage.
The kobold brigand misses you.
Unknown command.
You hit the kobold brigand. You block the kobold brigand's attack.
Unknown command.
You hit the kobold brigand but do no damage.
The kobold brigand completely misses you.
Unknown command.
You hit the kobold brigand.
The kobold brigand hits you with a +0 dagger of electrocution!
* * * LOW HITPOINT WARNING * * *
You hit the kobold brigand.
The kobold brigand hits you with a +0 dagger of electrocution!
You die...

...# ...## #...#### ###
#...... ... #KK.# ###
#K# #(#K# #. #.#K# ##
#.##.#b# #. #.##.#.# #.
#.##.#.# #.
#.##.#.######### #.
#.##.#.......<.# #.
#.......######.#######.
#..###.................
##<# #..>...#..#######.
#.###......#..# ##..


You could see a kobold brigand and 4 kobolds.

Vanquished Creatures
  Edmund (D:5)
  Menkaure (D:5)
  A sky beast (D:8)
  Duvessa (D:6)
  2 orc warriors
  A hornet zombie (D:7)
  A centaur (D:7)
  A black bear (D:5)
  2 phantoms
  A bullfrog (D:8)
  2 scorpions
  A wyvern zombie (D:8)
  A water moccasin zombie (D:6)
  Dowan (D:6)
  4 howler monkeys
  2 centaur zombies (D:8)
  2 hounds
  3 orc priests
  4 iguanas
  5 orc wizards
  A hound zombie (D:5)
  A hound skeleton (D:4)
  3 adders
  A shadow imp (D:7)
  An ufetubus (D:6)
  A worm (D:2)
  2 dart slugs
  33 orcs
  3 ball pythons
  6 endoplasms
  6 giant cockroaches
  8 hobgoblins
  3 quokkas (D:2)
  4 bats
  12 goblins
  10 kobolds
  5 rats
137 creatures vanquished.

Vanquished Creatures (collateral kills)
  A centaur skeleton (D:6)
  Ijyb (D:4)
  Robin (D:4)
  An adder (D:6)
  4 orcs (D:4)
  4 goblins (D:4)
  A hobgoblin (D:4)
  A kobold (D:4)
14 creatures vanquished.

Vanquished Creatures (others)
  2 adders (D:3)
  A dart slug (D:3)
  3 endoplasms (D:3)
  A quokka (D:3)
  A kobold (D:3)
8 creatures vanquished.

Grand Total: 159 creatures vanquished

Notes
Turn   | Place    | Note
-------+----------+-------------------------------------------
     0 | D:1      | bladeefan the Demonspawn Chaos Knight began the quest for
                  | the Orb.
     0 | D:1      | Reached XP level 1. HP: 18/18 MP: 1/1
   242 | D:1      | Reached skill level 3 in Maces & Flails
   258 | D:1      | XOM: silly message
   300 | D:1      | Gained mutation: You have a pair of small horns on your
                  | head. [demonic ancestry]
   300 | D:1      | Reached XP level 2. HP: 24/24 MP: 2/2
   730 | D:1      | XOM: cloud trail
  1070 | D:2      | XOM is BORED!
  1070 | D:2      | XOM: silly message
  1178 | D:2      | XOM: silly message
  1210 | D:2      | Gained mutation: You are partially covered in molten
                  | scales. (AC +2) [demonic ancestry]
  1210 | D:2      | Reached XP level 3. HP: 29/29 MP: 3/3
  1433 | D:2      | XOM: divination: magic mapping
  1564 | D:3      | XOM: silly message
  1590 | D:3      | XOM: potion effect (haste)
  1759 | D:3      | XOM: 1-stop teleportation journey
  1826 | D:3      | Reached XP level 4. HP: 31/37 MP: 4/4
  2103 | D:3      | Found a blossoming altar of Fedhas.
  2133 | D:3      | Reached skill level 4 in Maces & Flails
  2149 | D:3      | Found an ornate altar of the Wu Jian Council.
  2150 | D:3      | Found a hide-covered altar of Uskayaw.
  2342 | D:3      | Found a shimmering altar of Xom.
  2443 | D:3      | XOM: noise
  2507 | D:4      | Noticed Robin
  2520 | D:4      | Killed Robin
  2521 | D:4      | Gained mutation: A meltable shield of frost defends you.
                  | (SH +4) [demonic ancestry]
  2521 | D:4      | Reached XP level 5. HP: 40/42 MP: 5/5
  2645 | D:4      | Noticed Ijyb
  2655 | D:4      | XOM: summons 2 hostile demons
  2660 | D:4      | XOM: cast spell 'Monstrous Menagerie'
  2663 | D:4      | Killed Ijyb
  2664 | D:4      | XOM: polymorph quasit -> iron imp
  2916 | D:4      | XOM: 3-stop teleportation journey
  3289 | D:4      | Found Hitzius's Antique Weapon Shoppe.
  3575 | D:4      | XOM: give mutation
  3575 | D:4      | Gained mutation: Your muscles are strong. (Str +2) [Xom's
                  | grace]
  3622 | D:5      | Entered Level 5 of the Dungeon
  3631 | D:5      | Reached XP level 6. HP: 27/48 MP: 6/6
  3875 | D:5      | Noticed Menkaure
  3875 | D:5      | XOM: scenery: create altars
  3882 | D:5      | XOM: scenery: summon butterflies
  3886 | D:5      | Killed Menkaure
  3887 | D:5      | Reached skill level 5 in Maces & Flails
  3935 | D:4      | XOM: give mutations
  3935 | D:4      | Gained mutation: You have sharp toenails. [Xom's grace]
  3935 | D:4      | Gained mutation: Your mind is acute. (Int +2) [Xom's grace]
  3935 | D:4      | Gained mutation: You are strong-willed. (Will+) [Xom's
                  | grace]
  3935 | D:4      | Gained mutation: You are agile. (Dex +2) [Xom's grace]
  3948 | D:4      | XOM: 2-stop teleportation journey
  4165 | D:5      | XOM: divination: magic mapping
  4185 | D:5      | Reached XP level 7. HP: 55/55 MP: 7/7
  4459 | D:5      | Reached skill level 5 in Fighting
  4639 | D:5      | Identified the ring "Dauhur" {rF- rC+ EV+4 Dex+2} (Xom
                  | gifted it to you on level 5 of the Dungeon)
  4639 | D:5      | XOM: god gift: ring "Dauhur" {rF- rC+ EV+4 Dex+2}
  4651 | D:5      | Reached skill level 6 in Maces & Flails
  4780 | D:6      | Noticed Edmund
  4785 | D:6      | Noticed Duvessa
  4788 | D:6      | XOM: give mutation
  4788 | D:6      | Gained mutation: You have a pair of horns on your head.
                  | [Xom's grace]
  4791 | D:6      | Noticed Dowan
  4793 | D:6      | XOM: polymorph Edmund -> Edmund
  4794 | D:5      | XOM: cleaving
  4800 | D:5      | Killed Edmund
  4911 | D:5      | XOM: cloud trail
  5141 | D:6      | Killed Duvessa
  5142 | D:6      | Gained mutation: You are mostly covered in molten scales.
                  | (AC +3) [demonic ancestry]
  5142 | D:6      | Reached XP level 8. HP: 34/63 MP: 8/8
  5278 | D:5      | XOM: god gift: wand of charming (5)
  5294 | D:6      | Killed Dowan
  5296 | D:6      | XOM: give mutations
  5296 | D:6      | Gained mutation: You are somewhat resistant to further
                  | mutation. [Xom's grace]
  5296 | D:6      | Gained mutation: You have sharp fingernails. [Xom's grace]
  5296 | D:6      | Gained mutation: Your mind is very acute. (Int +4) [Xom's
                  | grace]
  5417 | D:6      | Reached skill level 7 in Maces & Flails
  5460 | D:6      | XOM: smoke on damage
  5466 | D:6      | XOM: enchant monster (good)
  5478 | D:6      | XOM: summons friendly iron imp
  5490 | D:6      | Reached skill level 5 in Armour
  5721 | D:6      | XOM: summons 2 hostile shadow creatures
  5841 | D:6      | XOM: 3-stop teleportation journey
  5898 | D:6      | Found a snail-covered altar of Cheibriados.
  6196 | D:6      | XOM: scenery: create altars
  6228 | D:7      | XOM: stealth player
  6281 | D:7      | XOM: cast spell 'Summon Ice Beast'
  6332 | D:7      | Found a staircase to the Ecumenical Temple.
  6612 | D:7      | XOM: god gift: scroll labelled OMPYME LUNIFUL {god gift}
  6784 | D:7      | XOM: summons 4 hostile demons
  6836 | D:7      | XOM: scenery: summon butterflies
  6932 | D:8      | Reached skill level 8 in Maces & Flails
  6998 | D:8      | Found Xelemar's Demolitions Depot.
  7081 | D:8      | XOM: 1-stop teleportation journey
  7085 | D:8      | Reached XP level 9. HP: 64/71 MP: 9/9
  7093 | D:8      | XOM is BORED!
  7093 | D:8      | XOM: give mutations
  7093 | D:8      | Lost mutation: Your muscles are strong. (Str +2) [Xom's
                  | mischief]
  7093 | D:8      | Lost mutation: You are strong-willed. (Will+) [Xom's
                  | mischief]
  7093 | D:8      | Gained mutation: Your muscles are strong. (Str +2) [Xom's
                  | mischief]
  7093 | D:8      | Lost mutation: Your muscles are strong. (Str +2) [Xom's
                  | mischief]
  7324 | D:8      | XOM: confuse monster(s)
  7613 | D:8      | XOM: give mutations
  7613 | D:8      | Lost mutation: You have sharp toenails. [Xom's grace]
  7613 | D:8      | Gained mutation: You have large cloven feet. [Xom's grace]
  7613 | D:8      | Lost mutation: You are somewhat resistant to further
                  | mutation. [Xom's grace]
  7613 | D:8      | Gained mutation: You have hidden genetic potential. [Xom's
                  | grace]
  7739 | D:8      | Slain by a kobold brigand

Illustrated notes

Levels and vault maps discovered:
D:1:      psy_arrival_statuary, layout_loops_cross, chequers_jeans,
          dk_noncrumbling_3, hangedman_decor_lopped
D:2:      layout_loops_ring
D:3:      layout_basic, grunt_temple_overflow_open, xom_confusion_cloud,
          mainiacjoe_overflow_24_doors, dilly_ecumenical_altar_fadedgnrine
D:4:      layout_cave_pods, serial_shops, nicolae_stop_n_shop_1, uniq_robin,
          uniq_ijyb
D:5:      layout_rooms, uniq_menkaure
D:6:      layout_rooms, kennysheep_slug_shrine, uniq_duvessa, uniq_edmund
D:7:      layout_cave_pools, minmay_temple_entry_sparse_star,
          ebering_dispersal_statue_hall
D:8:      minmay_goldmine, layout_loops_ring, nicolae_blasting_shop

Skill      XL: |  1  2  3  4  5  6  7  8 |
---------------+-------------------------+-----
Maces & Flails | 3 4 5 6 8 |  8.4
Armour         | 2 3 4 5 |  5.7
Fighting       | 4 5 6 |  6.7
Dodging        | |  0.8

Action                   |  1- 3 |  4- 6 |  7- 9 || total
-------------------------+-------+-------+-------++-------
Melee: Mace              |    97 |   136 |       ||   233
       Headbutt          |    15 |    22 |    58 ||    95
       Punch             |       |     1 |     7 ||     8
       Flail             |       |       |   307 ||   307
       Unarmed           |       |       |     9 ||     9
  Use: Scroll            |       |     6 |     4 ||    10
       Potion            |       |       |     4 ||     4
 Stab: Confused          |       |       |     2 ||     2
Armor: Scale mail        |    40 |    84 |   159 ||   283
       Leather armour    |     2 |       |       ||     2
       Plate armour      |       |       |    11 ||    11
Dodge: Dodged            |    47 |   112 |   159 ||   318
Block: Other             |       |    12 |    72 ||    84

Table legend: (Time is in decaauts)
 A = Elapsed time spent in this place.
 B = Non-inter-level travel time spent in this place.
 C = Inter-level travel time spent in this place.
 D = Time resting spent in this place.
 E = Time spent auto-exploring this place.
 F = Levels seen in this place.
 G = Mean time per level.
                   A        B        C        D        E       F      G
               +--------+--------+--------+--------+--------+-----+--------+
         Total |   7781 |   7596 |    185 |   1593 |   4389 |   8 |  972.6 |
       Dungeon |   7781 |   7596 |    185 |   1593 |   4389 |   8 |  972.6 |
               +--------+--------+--------+--------+--------+-----+--------+

Top non-repeatable levels by time:
     D:4: 1577 daAuts
     D:5: 1208 daAuts
     D:6: 1009 daAuts
     D:3: 930 daAuts
     D:8: 887 daAuts
     D:1: 824 daAuts
     D:2: 723 daAuts
     D:7: 621 daAuts
